 Dungeon Crawl Stone Soup version 0.24-a0-586-g8e0e932a4c (webtiles) character file.

Game seed: 8712051972648028503, levelgen mode: deterministic

168 BinkBink the Poker (level 5, -6/39 HPs)
             Began as a Demonspawn Gladiator on Sept 8, 2019.
             Killed by divine providence
             ... invoked by an orc priest
              (13 damage)
             ... on level 3 of the Dungeon.
             The game lasted 00:02:57 (1938 turns).

BinkBink the Poker (Demonspawn Gladiator)           Turns: 1938, Time: 00:02:58

Health: -6/39      AC:  4    Str: 14    XL:     5   Next: 24%
Magic:  5/5        EV: 13    Int: 10    God:
Gold:   58         SH:  0    Dex: 15    Spells: 4/4 levels left

rFire    . . .     SeeInvis .   a - +0 trident
rCold    . . .     Gourm    .   (no shield)
rNeg     . . .     Faith    .   b - +0 leather armour
rPois    .         Spirit   .   (helmet restricted)
rElec    .         Reflect  .   (no cloak)
rCorr    +         Harm     .   q - +0 pair of gloves
MR       .....                  (no boots)
Stlth    +.........             (no amulet)
HPRegen  0.13/turn              j - ring of resist corrosion
MPRegen  0.09/turn              (no ring)

@: no status effects
A: antennae 1, powered by death 1, powered by pain 1
a: no special abilities


You were on level 3 of the Dungeon.
You were not hungry.

You visited 1 branch of the dungeon, and saw 3 of its levels.

You collected 58 gold pieces.

Inventory:

Hand Weapons
 a - a +0 trident (weapon)
 p - a +1 mace of protection
Missiles
 d - 3 throwing nets (quivered)
Armour
 b - a +0 leather armour (worn)
 q - a +0 pair of gloves (worn)
Jewellery
 c - a +2 ring of protection {unknown}
 j - a ring of resist corrosion (left hand)
Scrolls
 g - 3 scrolls of amnesia {unknown}
 h - 2 scrolls of random uselessness {unknown}
 i - 5 scrolls of remove curse {unknown}
 l - a scroll of identify {unknown}
 o - a scroll of teleportation {unknown}
 r - a scroll of fear {unknown}
Potions
 e - a potion of agility {unknown}
 k - a potion of resistance {unknown}
 m - a potion of berserk rage {unknown}
 n - a potion of curing {unknown}
Comestibles
 f - 3 rations


   Skills:
 + Level 2.5 Fighting
 + Level 4.0 Polearms
 + Level 1.8 Throwing
 + Level 1.4 Armour
 + Level 3.6 Dodging
 + Level 0.7 Stealth


You had 4 spell levels left.
You didn't know any spells.
Your spell library was empty.

Dungeon Overview and Level Annotations

Branches:
Dungeon (3/15)

Altars:
Okawaru


Innate Abilities, Weirdness & Mutations

You have a pair of small antennae on your head.
You regenerate a little health from kills.
You sometimes gain a little power by taking damage.


Message History

The frilled lizard closely misses you.
You hit the orc priest but do no damage.
The orc priest is severely wounded.
The orc priest barely misses you. The frilled lizard misses you.
You barely miss the orc priest.
The orc priest is severely wounded.
The orc priest hits you but does no damage.
The frilled lizard bites you but does no damage.
You hit the orc priest but do no damage.
The orc priest is severely wounded.
An orc comes into view. It is wielding a +0 war axe.
The frilled lizard bites you.
* * * LOW HITPOINT WARNING * * *
The orc priest looks braver for a moment.
You hit the orc priest but do no damage.
The orc priest is severely wounded.
The frilled lizard misses you.
The orc priest mumbles some strange prayers to Beogh against you.
Beogh smites you!
You die...

...... ......
##########......
#.?.≈g≈.......o.
#.8.≈≈≈.......#
#8_8......o...#
#.8.≈≈≈.lo....#
#...≈)≈.@)....#
#########.......#
#....###[......:#
+....')<).......#
#....########+###
..$.... #.####. #
#. #g


You could see an orc priest, 2 orcs, a goblin and a frilled lizard.

Vanquished Creatures
  An orc wizard (D:2)
  Robin (D:3)
  5 adders (D:2)
  An ooze (D:2)
  A worm (D:3)
  3 dart slugs
  A leopard gecko (D:2)
  6 orcs
  A giant cockroach (D:3)
  14 goblins
  7 hobgoblins
  4 jackals
  A quokka (D:2)
  A ball python (D:1)
  7 bats
  3 frilled lizards (D:1)
  4 kobolds
  4 rats
65 creatures vanquished.

Vanquished Creatures (others)
  A goblin (D:2)
1 creature vanquished.

Grand Total: 66 creatures vanquished

Notes
Turn   | Place    | Note
-------+----------+-------------------------------------------
     0 | D:1      | BinkBink the Demonspawn Gladiator began the quest for the
                  | Orb.
     0 | D:1      | Reached XP level 1. HP: 16/16 MP: 1/1
   121 | D:1      | Reached skill level 3 in Polearms
   121 | D:1      | Gained mutation: You have a pair of small antennae on your
                  | head. [demonic ancestry]
   121 | D:1      | Reached XP level 2. HP: 14/22 MP: 2/2
   707 | D:2      | Reached XP level 3. HP: 19/27 MP: 3/3
   892 | D:2      | Reached skill level 1 in Armour
   892 | D:2      | Gained mutation: You regenerate a little health from kills.
                  | [demonic ancestry]
   892 | D:2      | Reached XP level 4. HP: 20/34 MP: 4/4
  1714 | D:3      | Noticed Robin
  1718 | D:3      | Gained mutation: You sometimes gain a little power by
                  | taking damage. [demonic ancestry]
  1718 | D:3      | Reached XP level 5. HP: 21/39 MP: 5/5
  1887 | D:3      | Reached skill level 4 in Polearms
  1899 | D:3      | Killed Robin
  1920 | D:3      | Found an iron altar of Okawaru.
  1938 | D:3      | Killed from afar by an orc priest

Levels and vault maps discovered:
D:1:      mrwooster_arrival_statue_2, layout_basic, minmay_misc_feat_rows,
          st_stairs_8, serial_bayou_lake_a
D:2:      layout_loops_cross, first_ration, serial_bayou_pond_b
D:3:      layout_basic, kennysheep_okawaru_gauntlet, uniq_robin

Skill      XL: |  1  2  3  4  5 |
---------------+----------------+-----
Polearms       | 3 4 |  4.0
Dodging        | 3 |  3.6
Armour         | 1 |  1.4
Fighting       | |  2.5
Throwing       | |  1.8
Stealth        | |  0.7

Action                   |  1- 3 |  4- 6 || total
-------------------------+-------+-------++-------
Melee: Trident           |   110 |   154 ||   264
 Stab: Sleeping          |     2 |       ||     2
  Eat: Chunk             |       |     1 ||     1
       Ration            |       |     1 ||     1
Armor: Leather armour    |    20 |    32 ||    52
Dodge: Dodged            |    72 |   139 ||   211

Table legend:
 A = Non-vault XP
 B = Vault XP
 C = Vault XP percentage of total XP
 D = Non-vault monster count
 E = Vault monster count
 F = Vault count percentage of total count
                 A         B        C        D         E       F
            +---------+---------+-------+---------+---------+-------
      Total |     179 |      62 |  25.7 |      47 |      18 |  27.7
            +---------+---------+-------+---------+---------+-------
        D:1 |      37 |       0 |   0.0 |      22 |       0 |   0.0
        D:2 |     119 |      26 |  17.9 |      16 |       6 |  27.3
        D:3 |      23 |      36 |  61.0 |       9 |      12 |  57.1
            +---------+---------+-------+---------+---------+-------
